 Seeded DCSS version 0.31.0-12-g77e489cdc1 (webtiles) character file.

Game seed: 18446744073709551615 (custom seed)

220 n00bmints the Trooper (level 5, -1/72 HPs)
             Began as a Minotaur Berserker on Feb 17, 2024.
             Was a Believer of Trog.
             Killed by divine providence
             ... invoked by an orc priest
              (12 damage)
             ... on level 3 of the Dungeon.
             The game lasted 00:07:40 (1662 turns).

n00bmints the Trooper (Minotaur Berserker)          Turns: 1662, Time: 00:07:41

Health: -1/72      AC: 16    Str: 24    XL:     5   Next: 64%
Magic:  4/4        EV:  9    Int:  4    God:    Trog [**....]
Gold:   136        SH:  0    Dex:  9    Spells: 4/4 levels left

rFire   . . .        b - +2 mace (protect)
rCold   . . .        (no shield)
rNeg    . . .        g - +0 chain mail
rPois   .            (helmet restricted)
rElec   .            (no cloak)
rCorr   .            (no gloves)
SInv    .            (no boots)
Will    ++...        (no amulet) Stlth
                     (no ring)
HPRegen 1.32/turn    (no ring)
MPRegen 0.09/turn

%: no passive effects
@: berserking (expiring), strong-willed, under a protective aura, regenerating,
very quick
A: horns 2, retaliatory headbutt
a: Renounce Religion, Berserk, Trog's Hand


You were on level 3 of the Dungeon.
You worshipped Trog.
Trog was pleased with you.
You visited 1 branch of the dungeon, and saw 3 of its levels.

You collected 136 gold pieces.

Inventory:

Hand Weapons
 a - a +0 hand axe
 b - a +2 mace of protection (weapon)
Armour
 g - a +0 chain mail (worn)
Jewellery
 d - a +6 ring of intelligence
Wands
 k - a wand of polymorph (7)
Scrolls
 e - 4 scrolls of identify {unknown}
 f - a scroll of summoning {unknown}
 j - a scroll of immolation {unknown}
 l - a scroll of enchant armour {unknown}
 m - a scroll of teleportation {unknown}
Potions
 c - a potion of ambrosia {unknown}
 h - 2 potions of might {unknown}
 i - a potion of enlightenment {unknown}


   Skills:
 * Level 5.2 Fighting
 - Level 4.4(5.0) Axes
 * Level 3.1(4.3) Maces & Flails
 * Level 3.9 Armour
 - Level 2.6 Dodging


You had 4 spell levels left.
You didn't know any spells.
Your spell library was empty.

Dungeon Overview and Level Annotations

Branches:
Dungeon (3/15)

Altars:
Nemelex Xobeh


Innate Abilities, Weirdness & Mutations

You have a pair of horns on your head.
You reflexively headbutt those who attack you in melee.


Message History

Natasha is lightly wounded.
Natasha stares at you and mumbles some strange words.
The magic dart hits you but does no damage.
The orc priest hits you but does no damage.
You hit Natasha.
Your weapon exudes an aura of protection.
You headbutt Natasha!
You kill Natasha!
Trog accepts your kill.
Trog appreciates your killing of a magic user.
You feel Natasha's spirit has finally been put to rest.
The orc priest mumbles some strange prayers to Beogh against you.
Beogh smites you!
* * * LOW HITPOINT WARNING * * *
The orc priest hits you but does no damage. x2
Your skin crawls.
You feel strong-willed.
The orc priest mumbles some strange prayers to Beogh against you.
Beogh smites you!
* * * LOW HITPOINT WARNING * * *
The orc priest barely misses you.
A red film seems to cover your vision as you go berserk!
You feel yourself moving faster!
You feel mighty!
The orc priest hits you with a +0 hand axe.
* * * LOW HITPOINT WARNING * * *
You hit the orc priest.
The orc priest is moderately wounded.
You sock the orc priest!
The orc priest is severely wounded.
The orc priest hits you but does no damage.
You thump the orc priest!
You kill the orc priest!
Trog accepts your kill.
Your base Maces & Flails skill increases to level 3!
You barely miss the orc. You headbutt the orc!
You kill the orc!
Trog accepts your kill.
The orc priest invokes the aid of Beogh against you.
Beogh smites you!
You die...

...#.§°○○ .⌠.#..... ..#
...##... .. ...#####
###.. '''###### ...
......#.# ... ......#.#
###.#### ........####
#......# .....#.....#
#.#@# .# ...........#
#.#)# .# .##.###....#
#.#o# .# .##.###.####
#.#o##.#.#
.##.##.)..####..o..).o#
#.
#.......#..###o.o....
#...#...>.........#..
#...####....#####.#
##### #....# #


You could see 2 orc priests and an orc.

Vanquished Creatures
  An orc priest (D:3)
  Ijyb (D:3)
  Natasha (thrice) (D:3)
  2 adders
  2 dart slugs (D:2)
  3 orcs (D:3)
  5 endoplasms
  2 giant cockroaches
  7 goblins
  5 hobgoblins
  4 jackals (D:1)
  6 quokkas
  7 ball pythons
  5 bats
  3 frilled lizards
  6 kobolds
  5 rats
67 creatures vanquished.

Notes
Turn   | Place    | Note
-------+----------+-------------------------------------------
     0 | D:1      | n00bmints the Minotaur Berserker began the quest for the
                  | Orb.
     0 | D:1      | Reached XP level 1. HP: 19/19 MP: 0/0
    92 | D:1      | Reached XP level 2. HP: 16/27 MP: 1/1
    94 | D:1      | Reached skill level 4 in Fighting
   452 | D:1      | Reached XP level 3. HP: 29/33 MP: 2/2
   570 | D:2      | Reached ** piety under Trog
   802 | D:2      | Reached XP level 4. HP: 41/41 MP: 3/3
  1247 | D:3      | Noticed Ijyb
  1261 | D:3      | Killed Ijyb
  1262 | D:3      | Reached skill level 1 in Maces & Flails
  1370 | D:3      | Noticed Natasha
  1377 | D:3      | Killed Natasha
  1378 | D:3      | Reached skill level 5 in Fighting
  1561 | D:3      | Noticed Natasha
  1565 | D:3      | Found a sparkling altar of Nemelex Xobeh.
  1575 | D:3      | Killed Natasha
  1576 | D:3      | Reached XP level 5. HP: 40/48 MP: 4/4
  1651 | D:3      | Noticed Natasha
  1656 | D:3      | Killed Natasha
  1662 | D:3      | Killed from afar by an orc priest

Illustrated notes

Levels and vault maps discovered:
D:1:      dpeg_arrival_renting, layout_rooms, minmay_strange_pillars
D:2:      layout_rooms, nicolae_houndstooth_variations
D:3:      layout_basic, nemelex_altar_shiori, cheibrodos_sewer_entry_bend,
          uniq_natasha, uniq_ijyb, uniq_terence

Skill      XL: |  1  2  3  4  5 |
---------------+----------------+-----
Fighting       | 4 5 |  5.2
Axes           | 4 |  4.4
Armour         | 3 |  3.9
Maces & Flails | 2 3 |  3.1
Dodging        | |  2.6

Action                     |  1- 3 |  4- 6 || total
---------------------------+-------+-------++-------
  Melee: Hand axe          |    67 |       ||    67
         Headbutt          |    12 |     6 ||    18
         Mace              |    20 |    39 ||    59
         Punch             |       |     1 ||     1
 Invoke: Berserk           |     1 |     2 ||     3
         Trog's Hand       |     1 |     3 ||     4
 Armour: Animal skin       |    13 |       ||    13
         Leather armour    |    23 |       ||    23
         Chain mail        |    41 |    40 ||    81
  Dodge: Dodged            |    93 |    19 ||   112
